 Dungeon Crawl Stone Soup version 0.27-a0-277-g024f7ef292 (webtiles) character file.

Game seed: 18340609037776782447

191 Borgoz the Ruffian (level 5, -2/45 HPs)
             Began as a Ghoul Gladiator on Feb 5, 2021.
             Killed from afar by an orc wizard (4 damage)
             ... with a magic dart
             ... on level 4 of the Dungeon.
             The game lasted 00:01:20 (1465 turns).

Borgoz the Ruffian (Ghoul Gladiator)                Turns: 1465, Time: 00:01:21

Health: -2/45      AC:  4    Str: 18    XL:     5   Next: 70%
Magic:  4/4        EV: 12    Int:  3    God:
Gold:   64         SH:  0    Dex: 11    Spells: 4/4 levels left

rFire    . . .     SeeInvis .     - Unarmed
rCold    + . .     Faith    .   (no shield)
rNeg     + + +     Spirit   .   a - +0 leather armour
rPois    ∞         Reflect  .   b - +0 helmet
rElec    .         Harm     .   (no cloak)
rCorr    .         Rampage  .   (no gloves)
Will     .....                  (no boots)
Stlth    +.........             (no amulet)
HPRegen  0.00/turn              (no ring)
MPRegen  0.09/turn              (no ring)

@: about to teleport
A: claws 1, cold resistance 1, negative energy resistance 3, inhibited
regeneration, torment resistance, unbreathing
a: no special abilities


You were on level 4 of the Dungeon.
You visited 1 branch of the dungeon, and saw 3 of its levels.

You collected 64 gold pieces.

Inventory:

Missiles
 c - 3 throwing nets (quivered)
Armour
 a - a +0 leather armour (worn)
 b - a +0 helmet (worn)
Jewellery
 k - an uncursed ring of magical power {unknown}
Scrolls
 f - a scroll of enchant armour {unknown}
 g - a scroll of blinking {unknown}
 j - a scroll of remove curse {unknown}


   Skills:
 + Level 3.6 Fighting
 - Level 1.7 Throwing
 + Level 2.1 Armour
 + Level 3.6 Dodging
 + Level 4.4 Unarmed Combat


You had 4 spell levels left.
You didn't know any spells.
Your spell library was empty.

Dungeon Overview and Level Annotations

Branches:
Dungeon (2/15)

Altars:
Ru

Annotations:
D:4 Pikel


Innate Abilities, Weirdness & Mutations

You thrive by killing the living.
You are immune to poison.
You have sharp fingernails.
Your flesh is cold resistant. (rC+)
You are immune to negative energy. (rN+++)
You do not regenerate when monsters are visible.
You are immune to unholy pain and torment.
You can survive without breathing.


Message History

The orc wizard hits you with a +0 dagger.
* * * LOW HITPOINT WARNING * * *
You barely miss the orc wizard.
The orc wizard is moderately wounded.
The orc wizard hits you with a +0 dagger.
* * * LOW HITPOINT WARNING * * *
You scratch the orc wizard.
The orc wizard is heavily wounded.
An orc comes into view.
You aren't carrying any potions.
As you read the scroll of teleportation, it crumbles to dust.
You feel strangely unstable. The orc wizard barely misses you.
The lemure splashes around in the water.
Pikel the Slaver comes into view.
He is wielding a +2 whip of flaming, wearing a +2 robe of cold resistance and carrying a wand of acid (11).
Pikel shouts!
The lemure shouts!
A lemure comes into view.
The lemure splashes around in the water.
The orc wizard gestures at you while chanting.
The magic dart hits you.
You die...

#≈≈≈≈##.##≈≈≈≈#
####≈#.≈5#≈#.##
##.≈##.##≈..#
#..≈≈#.#≈≈..#
#.≈≈##'##≈≈.#####
#.≈##≈≈≈##≈.....#
#o≈#≈5.5≈#≈####.#
#.5oK#.#≈≈≈...#
#@##.#.#..###.#
#....#........#
#########.##########
#................
###.#####.#######
#.# #...# #.# #.#.#
##+#
#.#######.######
#...
#.##...........#
#...


You could see Pikel, 3 lemures, an orc wizard and an orc.

Vanquished Creatures
  A centaur (D:4)
  A howler monkey (D:4)
  A centaur skeleton (D:4)
  A white imp (D:4)
  2 oozes
  2 dart slugs (D:1)
  A leopard gecko (D:4)
  A ball python (D:1)
  A giant cockroach (D:4)
  3 hobgoblins (D:1)
  2 bats (D:1)
  3 frilled lizards (D:1)
  3 goblins (D:1)
  A kobold (D:1)
  6 rats (D:1)
29 creatures vanquished.

Notes
Turn   | Place    | Note
-------+----------+-------------------------------------------
     0 | D:1      | Borgoz the Ghoul Gladiator began the quest for the Orb.
     0 | D:1      | Reached XP level 1. HP: 17/17 MP: 0/0
   258 | D:1      | Reached XP level 2. HP: 25/25 MP: 1/1
   584 | D:1      | Reached XP level 3. HP: 30/30 MP: 2/2
   585 | D:1      | Reached skill level 1 in Armour
   793 | D:2      | You fall into a shaft and drop 2 floors!
   804 | D:4      | Found a sacrificial altar of Ru.
   959 | D:4      | Reached XP level 4. HP: 7/38 MP: 3/3
  1263 | D:4      | Reached skill level 4 in Unarmed Combat
  1268 | D:4      | Noticed a centaur
  1277 | D:4      | Killed a centaur
  1278 | D:4      | Reached XP level 5. HP: 11/45 MP: 4/4
  1334 | D:4      | Noticed a lemure
  1334 | D:4      | Noticed a lemure
  1460 | D:4      | Noticed a lemure
  1461 | D:4      | HP: 2/45 [orc wizard/+0 dagger (6)]
  1464 | D:4      | Noticed Pikel
  1464 | D:4      | Noticed a lemure
  1465 | D:4      | Killed from afar by an orc wizard

Illustrated notes

Levels and vault maps discovered:
D:1:      dpeg_arrival_simpleton_c, layout_rooms, bh_walls_and_bars
D:2:      layout_rooms, old_standard_altar, minmay_pentomino_w4
D:4:      layout_basic, nzn_overflow_gifts_of_might_and_magic,
          nicolae_gozag_seed_capital, grunt_temple_overflow_open,
          nicolae_overflow_crystal_walls, nicolae_ru_sacrificial_ziggurat,
          temple_doors_e, minmay_manual_mullet, uniq_pikel

Skill      XL: |  1  2  3  4 |
---------------+-------------+-----
Dodging        | 3 |  3.6
Armour         | 1 2 |  2.1
Fighting       | 3 |  3.6
Unarmed Combat | 4 |  4.4
Throwing       | |  1.7

Action                   |  1- 3 |  4- 6 || total
-------------------------+-------+-------++-------
Melee: Unarmed           |    78 |    42 ||   120
       Punch             |     1 |     1 ||     2
Throw: Throwing net      |     1 |       ||     1
  Use: Scroll            |       |     3 ||     3
       Potion            |       |     2 ||     2
Armor: Leather armour    |    23 |     2 ||    25
Dodge: Dodged            |    42 |    21 ||    63

Table legend: (Time is in decaauts)
 A = Elapsed time spent in this place.
 B = Non-inter-level travel time spent in this place.
 C = Inter-level travel time spent in this place.
 D = Time resting spent in this place.
 E = Time spent auto-exploring this place.
 F = Levels seen in this place.
 G = Mean time per level.
                   A        B        C        D        E       F      G
               +--------+--------+--------+--------+--------+-----+--------+
         Total |   1494 |   1466 |     28 |    555 |    675 |   3 |  498.0 |
       Dungeon |   1494 |   1466 |     28 |    555 |    675 |   3 |  498.0 |
               +--------+--------+--------+--------+--------+-----+--------+

Top non-repeatable levels by time:
     D:1: 777 daAuts
     D:4: 704 daAuts
     D:2: 11 daAuts
